 Dungeon Crawl Stone Soup version 0.23.0-3-gf3c87f2 (webtiles) character file.

Game seed: 7742235300674732170

8850 Lanoc the Impaler (level 11, -3/89 HPs)
             Began as a Merfolk Berserker on Feb 21, 2019.
             Was a High Priest of Trog.
             Slain by an ice beast (7 damage)
             ... on level 13 of the Dungeon.
             The game lasted 00:17:56 (6694 turns).

Lanoc the Impaler (Merfolk Berserker)               Turns: 6694, Time: 00:17:57

Health: -3/89      AC:  6    Str: 17    XL:     11   Next: 37%
Magic:  11/11      EV: 21    Int: 11    God:    Trog [*****.]
Gold:   460        SH:  0    Dex: 21    Spells: 10/10 levels left

rFire    . . .     SeeInvis +   a - +1 spear (flame)
rCold    . . .     Gourm    .   (no shield)
rNeg     . . .     Faith    .   G - +1 leather armour of the Ditch-Digger {rCorr Int+2 Stlth+} (curse)
rPois    +         Spirit   .   (no helmet)
rElec    +         Reflect  .   u - +0 cloak
rCorr    +         Harm     .   (no gloves)
MR       .....                  (no boots)
Stlth    ++++......             D - amulet of magic regeneration
HPRegen  0.24/turn              z - ring of the Duke {rElec rPois rF- Dex+2 SInv}
MPRegen  0.37/turn              w - ring of Orchueshro {rF+ Int+2 Dex+2 Stlth+}

@: berserk cooldown, very slightly contaminated, slowed, very slow
A: change form in water, swift swim, stealthy swim
a: Berserk, Trog's Hand, Brothers in Arms, Renounce Religion


You were on level 13 of the Dungeon.
You worshipped Trog.
Trog was extremely pleased with you.
You were near starving.

You visited 1 branch of the dungeon, and saw 9 of its levels.
You also visited: Sewer.

You collected 460 gold pieces.

Inventory:

Hand Weapons
 a - a +1 spear of flaming (weapon)
Armour
 u - a +0 cloak (worn)
 G - the cursed +1 leather armour of the Ditch-Digger (worn) {rCorr Int+2 Stlth+}
   (You found it on level 12 of the Dungeon)

   It affects your intelligence (+2).
   It provides partial protection from all sources of acid and corrosion.
   It makes you more stealthy.
   It has a curse placed upon it.
Jewellery
 o - an uncursed amulet of harm {unknown}
 w - the ring of Orchueshro (right hand) {rF+ Int+2 Dex+2 Stlth+}
   (You found it on level 4 of the Dungeon)

   [ring of stealth]

   It affects your intelligence (+2).
   It affects your dexterity (+2).
   It protects you from fire.
   It makes you more stealthy.
 z - the ring of the Duke (left hand) {rElec rPois rF- Dex+2 SInv}
   (You found it on level 8 of the Dungeon)

   [ring of poison resistance]

   It affects your dexterity (+2).
   It makes you vulnerable to fire.
   It insulates you from electricity.
   It protects you from poison.
   It lets you see invisible.
 D - an amulet of magic regeneration (around neck)
 F - an uncursed ring of fire {unknown}
Wands
 b - a wand of random effects (23)
 f - a wand of polymorph (14)
 t - a wand of flame (26)
 x - a wand of digging (5)
 A - a wand of acid (7)
Scrolls
 d - 2 scrolls of remove curse
 e - a scroll of magic mapping
 q - 2 scrolls of teleportation
 s - 2 scrolls of fog
Potions
 h - a potion of agility
 k - 2 potions of curing
 l - 5 potions of degeneration {unknown}
 m - 2 potions of might
 n - 4 potions of haste
 p - a potion of flight
 r - a potion of ambrosia
 v - a potion of magic
 B - a potion of lignification
Comestibles
 c - 13 rations


   Skills:
 + Level 9.3 Fighting
 * Level 15.3 Polearms
 + Level 6.1 Armour
 + Level 10.4 Dodging


You had 10 spell levels left.
You didn't know any spells.
Your spell library was empty.

Dungeon Overview and Level Annotations

Branches:
Dungeon (13/15)            Temple (0/1) D:4             Orc (0/2) D:12
 Vaults (0/5) D:13
   Lair: D:8-11

Altars:
Ashenzari
Gozag
Hepliaklqana
Nemelex Xobeh
Okawaru
Qazlal
Ru
Vehumet

Shops:
D:13 *

Portals:
Ice
Cave: D:13

Annotations:
D:13 Rupert, Urug


Message History

You speak a Word of immense power!
It was a scroll of holy word.
You feel sick. The bullfrog misses you.
The worker ant bites you but does no damage.
The bullfrog misses you. The ice beast completely misses you.
The ice beast hits you.
* * * LOW HITPOINT WARNING * * *
The ice beast freezes you.
* * * LOW HITPOINT WARNING * * *
The ice beast closely misses you. The ice beast hits you.
* * * LOW HITPOINT WARNING * * *
The ice beast freezes you.
* * * LOW HITPOINT WARNING * * *
The worker ant completely misses you.
You feel better. The bullfrog misses you. The ice beast completely misses you.
The ice beast misses you. x3; The bullfrog misses you.
The worker ant completely misses you. The ice beast closely misses you.
The ice beast hits you.
* * * LOW HITPOINT WARNING * * *
The ice beast freezes you!
You die...

#########
#...Y§FY############
#...Y@aY§§§........#
#..$YYY§C§§........##
##..Y.C§§§§.........##
#...Y§§§§...........(
*#..........F........(
*#...........Y.........
**.............C....(...
**......###..............
**,,,..F#*
##......C......


You could see 2 cyclopes, 9 ice beasts, a bullfrog and a worker ant.

Vanquished Creatures
  Harold (D:8)
  A two-headed ogre (D:12)
  An ugly thing (D:12)
  Joseph (D:8)
  A gargoyle (D:12)
  2 centaur skeletons (D:12)
  A troll (D:12)
  Grinder (D:3)
  A hippogriff (D:12)
  A wraith (D:12)
  15 yaks
  A soldier ant (D:12)
  An orc warrior (D:9)
  A black bear (D:7)
  An ice beast (D:8)
  2 sky beasts
  An eye of draining (D:9)
  3 centaurs
  4 ogres
  7 bullfrogs
  2 scorpions
  5 wights (D:8)
  9 howler monkeys
  A crimson imp (D:8)
  A bullfrog zombie (D:9)
  A jelly (D:7)
  3 hounds
  Crazy Yiuf (D:3)
  2 orc priests
  Jessica (D:3)
  4 orc wizards
  2 worker ants
  A hound skeleton (D:4)
  Robin (D:3)
  A howler monkey skeleton (D:4)
  11 adders
  An ooze (D:3)
  An adder zombie (D:7)
  An adder skeleton (D:9)
  3 worms
  5 leopard geckos
  19 orcs
  8 bats
  9 giant cockroaches
  21 goblins
  4 hobgoblins
  2 jackals (D:3)
  5 kobolds
  A quokka (D:3)
  5 ball pythons
  7 frilled lizards (Sewer)
  A jackal skeleton (D:3)
  4 rats
190 creatures vanquished.

Notes
Turn   | Place    | Note
-------+----------+-------------------------------------------
     0 | D:1      | Lanoc the Merfolk Berserker began the quest for the Orb.
     0 | D:1      | Reached XP level 1. HP: 18/18 MP: 1/1
   162 | D:1      | Reached XP level 2. HP: 24/24 MP: 2/2
   420 | D:2      | Reached skill level 5 in Polearms
   733 | D:2      | Found a stormy altar of Qazlal.
   738 | D:2      | Found a shattered altar of Ashenzari.
   745 | D:2      | Found a radiant altar of Vehumet.
   750 | D:2      | Found a sacrificial altar of Ru.
   761 | D:2      | Found a hazy altar of Hepliaklqana.
   768 | D:2      | Found a sparkling altar of Nemelex Xobeh.
   773 | D:2      | Found an iron altar of Okawaru.
   845 | D:3      | Reached XP level 3. HP: 29/29 MP: 3/3
   904 | D:3      | Reached ** piety under Trog
   914 | D:3      | Noticed Jessica
   926 | D:3      | Killed Jessica
   926 | D:3      | Reached XP level 4. HP: 37/37 MP: 4/4
  1078 | D:3      | Noticed a sky beast
  1117 | D:3      | Killed a sky beast
  1117 | D:3      | Reached skill level 6 in Polearms
  1117 | D:3      | Reached XP level 5. HP: 25/42 MP: 5/5
  1301 | D:3      | Noticed Grinder
  1315 | D:3      | Killed Grinder
  1315 | D:3      | Reached skill level 7 in Polearms
  1315 | D:3      | Reached XP level 6. HP: 49/49 MP: 6/6
  1382 | D:3      | Found a runed translucent door.
  1383 | D:3      | Noticed Crazy Yiuf
  1392 | D:3      | Killed Crazy Yiuf
  1508 | D:3      | Reached XP level 7. HP: 55/55 MP: 7/7
  1511 | D:3      | Noticed Robin
  1525 | D:3      | Reached *** piety under Trog
  1534 | D:3      | Killed Robin
  1699 | D:4      | Found a glowing drain.
  1711 | Sewer    | Entered a sewer
  1842 | Sewer    | Reached skill level 5 in Fighting
  1842 | Sewer    | Reached skill level 8 in Polearms
  1842 | Sewer    | Reached skill level 5 in Dodging
  2574 | D:4      | Found a staircase to the Ecumenical Temple.
  2689 | D:4      | Got a slimy glass ring
  2705 | D:4      | Identified the ring of Orchueshro {rF+ Int+2 Dex+2 Stlth+}
                  | (You found it on level 4 of the Dungeon)
  2726 | D:4      | Reached skill level 9 in Polearms
  2742 | D:4      | Reached XP level 8. HP: 56/63 MP: 8/8
  2762 | D:4      | You fall through a shaft for 3 floors!
  2786 | D:7      | Reached **** piety under Trog
  3115 | D:7      | Noticed a yak
  3115 | D:7      | Noticed a yak
  3115 | D:7      | Noticed a yak
  3115 | D:7      | Noticed a yak
  3146 | D:7      | Killed a yak
  3146 | D:7      | Reached skill level 10 in Polearms
  3150 | D:7      | Killed a yak
  3156 | D:7      | Killed a yak
  3166 | D:7      | Killed a yak
  3166 | D:7      | Reached skill level 11 in Polearms
  3166 | D:7      | Reached XP level 9. HP: 52/71 MP: 9/9
  3710 | D:8      | Received a gift from Trog
  3765 | D:8      | Noticed Joseph
  3802 | D:8      | Killed Joseph
  3802 | D:8      | Reached skill level 12 in Polearms
  4129 | D:8      | Got a flickering marble ring
  4131 | D:8      | Identified the ring of the Duke {rElec rPois rF- Dex+2
                  | SInv} (You found it on level 8 of the Dungeon)
  4170 | D:8      | Noticed Harold
  4193 | D:8      | Killed Harold
  4193 | D:8      | Reached skill level 13 in Polearms
  4193 | D:8      | Reached XP level 10. HP: 80/80 MP: 10/10
  4517 | D:9      | Reached skill level 5 in Armour
  4837 | D:9      | Found an opulent altar of Gozag.
  5045 | D:9      | You fall through a shaft for 3 floors!
  5189 | D:12     | Noticed a two-headed ogre
  5203 | D:12     | Killed a two-headed ogre
  5203 | D:12     | Reached skill level 14 in Polearms
  5290 | D:12     | Noticed a gargoyle
  5299 | D:12     | Killed a gargoyle
  5299 | D:12     | Reached ***** piety under Trog
  5380 | D:12     | Reached XP level 11. HP: 86/87 MP: 11/11
  5396 | D:12     | Reached skill level 10 in Dodging
  5600 | D:12     | Found a staircase to the Orcish Mines.
  5842 | D:12     | Reached skill level 15 in Polearms
  5855 | D:12     | Noticed a white ugly thing
  5867 | D:12     | Killed a white ugly thing
  6435 | D:12     | Got a heavily runed leather armour
  6446 | D:12     | Identified the cursed +1 leather armour of the Ditch-Digger
                  | {rCorr Int+2 Stlth+} (You found it on level 12 of the
                  | Dungeon)
  6648 | D:13     | Found a gate to the Vaults.
  6648 | D:13     | Noticed Urug
  6648 | D:13     | Noticed a wolf spider
  6648 | D:13     | Noticed a centaur warrior
  6648 | D:13     | Noticed Rupert
  6649 | D:13     | Found Wapo Jack's Assorted Antiques.
  6649 | D:13     | Noticed a cyan ugly thing
  6676 | D:13     | Noticed a cyclops
  6677 | D:13     | Noticed a cyclops
  6686 | D:13     | Found a frozen archway.
  6693 | D:13     | HP: 2/89 [ice beast (6)]
  6694 | D:13     | Slain by an ice beast

Skill      XL: |  1  2  3  4  5  6  7  8  9 10 11 |
---------------+----------------------------------+-----
Dodging        | 3 4 5 7 8 9 10 | 10.4
Polearms       | 5 6 7 9 11 13 14 15 | 15.3
Armour         | 2 3 4 5 6 |  6.1
Fighting       | 4 5 6 7 8 9 |  9.3

Action                   |  1- 3 |  4- 6 |  7- 9 | 10-12 || total
-------------------------+-------+-------+-------+-------++-------
Melee: Spear             |   107 |   109 |   500 |   454 ||  1170
       Tailslap          |       |       |     5 |       ||     5
Invok: Berserk           |     1 |     3 |    10 |    11 ||    25
  Use: Scroll            |       |       |     7 |    15 ||    22
       Potion            |       |       |       |     1 ||     1
 Stab: Sleeping          |     1 |       |     3 |     1 ||     5
       Distracted        |     1 |       |     1 |       ||     2
  Eat: Chunk             |       |     5 |    17 |    13 ||    35
       Ration            |       |       |     1 |     1 ||     2
Armor: Animal skin       |    26 |    21 |    42 |       ||    89
       Scale mail        |       |       |    33 |    58 ||    91
       Leather armour    |       |       |       |     5 ||     5
Dodge: Dodged            |    35 |    56 |   250 |   240 ||   581
